 Dungeon Crawl Stone Soup version 0.29.1-12-g30fa7ad0bf (webtiles) character file.

Game seed: 14143049487828195739

958 112233 the Poker (level 8, -5/56 HPs)
             Began as an Octopode Fighter on Dec 23, 2022.
             Was an Initiate of Gozag.
             Slain by a yak (14 damage)
             ... on level 5 of the Dungeon.
             The game lasted 00:04:01 (4481 turns).

112233 the Poker (Octopode Fighter)                 Turns: 4481, Time: 00:04:02

Health: -5/56      AC:  1    Str: 15    XL:     8   Next: 14%
Magic:  8/8        EV: 24    Int: 10    God:    Gozag
Gold:   220        SH:  7    Dex: 20    Spells: 7/7 levels left

rFire   . . .      SeeInvis .   a - +1 trident
rCold   . . .      Faith    .   b - +1 buckler
rNeg    . . .      Spirit   .   (helmet restricted)
rPois   .          Reflect  .   (no amulet)
rElec   .          Harm     .   g - +4 ring of evasion
rCorr   .          Rampage  .   r - +6 ring of dexterity
Will    .....                   u - +4 ring of evasion
Stlth   +++.......              (no ring)
HPRegen 0.18/turn               (no ring)
MPRegen 0.11/turn               (no ring)
                                (no ring)
                                (no ring)

@: mighty, brilliant, gold aura, attractive, flying
A: almost no armour, amphibious, 8 rings, camouflage 1, gelatinous body 1,
(nimble swimmer 1), tentacles
a: Renounce Religion, Potion Petition, Call Merchant, Bribe Branch


You were on level 5 of the Dungeon.
You worshipped Gozag.
Gozag was aware of your devotion.
You visited 2 branches of the dungeon, and saw 6 of its levels.
You also visited: Sewer.

You collected 306 gold pieces.
You paid 86 gold pieces to Gozag.

Inventory:

Hand Weapons
 a - a +1 trident (weapon)
Armour
 b - a +1 buckler (worn)
Jewellery
 g - a +4 ring of evasion (left tentacle)
 r - a +6 ring of dexterity (right tentacle)
 u - a +4 ring of evasion (on tentacle)
Wands
 t - a wand of mindburst (1)
Scrolls
 e - a scroll of enchant weapon
 j - a scroll of noise
 l - a scroll of summoning {unknown}
 m - a scroll of magic mapping {unknown}
 n - 4 scrolls of identify {unknown}
 v - a scroll of amnesia {unknown}
 w - a scroll of teleportation {unknown}
Potions
 i - 3 potions of curing
 k - a potion of flight
 p - a potion of heal wounds {unknown}
 q - a potion of ambrosia {unknown}
 s - 2 potions of haste {unknown}


   Skills:
 + Level 5.4 Fighting
 * Level 6.4 Polearms
 + Level 5.4 Dodging
 - Level 3.5 Shields


You had 7 spell levels left.
You didn't know any spells.
Your spell library contained the following spells:

 Spells                   Type           Power      Damage    Failure   Level
 Summon Guardian Golem    Hex/Summ       0%         N/A       83%         3
 Anguish                  Hex/Necr       0%         N/A       99%         4
 Summon Lightning Spire   Summ/Air       0%         N/A       99%         4
 Enfeeble                 Hex            0%         N/A       100%        7
 Orb of Destruction       Conj           0%         9d5       100%        7
 Spellforged Servitor     Conj/Summ      0%         N/A       100%        7
 Storm Form               Tmut/Air       0%         N/A       100%        7
 Maxwell's Capacitive Co  Air            0%         ∞         100%        8


Dungeon Overview and Level Annotations

Branches:
Dungeon (5/15)             Temple (1/1) D:5           Sewer (visited)

Altars:
Gozag
Hepliaklqana
Makhleb
Yredelemnul
The Shining One

Annotations:
D:4 1 runed translucent door, exclusion: downstairs, Crazy Yiuf


Innate Abilities, Weirdness & Mutations

You cannot wear most types of armour.
You are amphibious.
You can wear up to eight rings at the same time.
Your skin changes colour to match your surroundings (Stealth+).
Your rubbery body absorbs attacks. (AC +1, EV +1)
((You are camouflaged when in or above water. (Stealth+)))
You have tentacles for arms and can constrict up to eight enemies at once.


Message History

The ice beast misses you.
The yak is distracted by your dazzling golden aura.
The yak bellows!
Unknown command.
Okay, then.
You puncture the yak!
The yak is no longer distracted by gold.
Your squeeze misses the yak.
The yak is moderately wounded.
The ice beast closely misses you. The yak gores you!
You puncture the yak!
The yak is heavily wounded.
The ice beast completely misses you. The yak completely misses you.
Unknown command.
It was a potion of flight.
You feel very buoyant.
You fly up into the air.
The yak gores you! The ice beast closely misses you.
Unknown command.
It was a potion of attraction.
You feel attractive to monsters. The yak barely misses you.
The ice beast barely misses you.
Unknown command.
It was a potion of brilliance.
You feel clever all of a sudden. The ice beast hits you.
The ice beast freezes you!
* * * LOW HITPOINT WARNING * * *
The yak misses you.
Unknown command.
Okay, then.
As you read the scroll labelled ESOERPH FUOZE, it crumbles to dust.
You hear a loud clanging noise!
It was a scroll of noise.
The sentinel's mark upon you fades away.
You block the ice beast's attack. The yak misses you.
Unknown command.
Okay, then.
It was a potion of magic.
Magic courses through your body. The ice beast barely misses you.
The yak gores you!
You die...
Your body crumbles into a pile of gold.

#.......^.......................
#.........######...#############
#.........# #.###
.........#..#####.###
.......#.##.........# .......#..
#####s.#.### # Y....###.
#W##...## # .# #Y####..# ## #@#
##.## ##. #Y# #..#######..


YY# ##.........# #### ########..# #### You could see 3 yaks, an ice beast, a
phantom and a scorpion.

Vanquished Creatures
  Sigmund (D:4)
  2 yaks (D:5)
  A black bear (D:5)
  A phantom (D:5)
  2 scorpions
  2 jellies (D:5)
  An iguana (D:4)
  7 adders
  A worm (D:4)
  A dart slug (D:2)
  7 orcs
  3 endoplasms
  4 giant cockroaches
  A goblin (D:3)
  4 hobgoblins
  3 jackals
  4 quokkas
  5 ball pythons
  6 bats
  2 frilled lizards
  4 kobolds
  10 rats
72 creatures vanquished.

Notes
Turn   | Place    | Note
-------+----------+-------------------------------------------
     0 | D:1      | 112233 the Octopode Fighter began the quest for the Orb.
     0 | D:1      | Reached XP level 1. HP: 16/16 MP: 1/1
   458 | D:1      | Reached XP level 2. HP: 21/21 MP: 2/2
  1077 | D:2      | Reached XP level 3. HP: 19/26 MP: 3/3
  1807 | D:3      | Reached XP level 4. HP: 25/31 MP: 4/4
  1864 | D:3      | Found a glowing drain.
  1980 | Sewer    | Entered a sewer
  2078 | Sewer    | Noticed a kobold brigand
  2079 | Sewer    | Noticed a kobold brigand
  2554 | D:4      | Reached skill level 3 in Polearms
  2571 | D:4      | Reached XP level 5. HP: 19/37 MP: 5/5
  2783 | D:4      | Found a runed translucent door.
  2784 | D:4      | Noticed Crazy Yiuf
  2835 | D:4      | Noticed Sigmund
  2843 | D:4      | Killed Sigmund
  2844 | D:4      | Reached skill level 4 in Polearms
  2844 | D:4      | Reached XP level 6. HP: 34/44 MP: 6/6
  3256 | D:5      | Entered Level 5 of the Dungeon
  3383 | D:5      | Noticed a black bear
  3391 | D:5      | Killed a black bear
  3392 | D:5      | Reached skill level 5 in Polearms
  3392 | D:5      | Reached XP level 7. HP: 28/49 MP: 7/7
  4082 | D:5      | Found a staircase to the Ecumenical Temple.
  4118 | Temple   | Entered the Ecumenical Temple
  4198 | Temple   | Became a worshipper of Gozag Ym Sagoz the Greedy
  4274 | D:5      | Reached skill level 5 in Dodging
  4459 | D:5      | Noticed a yak
  4461 | D:5      | Noticed a yak
  4462 | D:5      | Noticed a yak
  4464 | D:5      | Noticed a yak
  4465 | D:5      | Killed a yak
  4466 | D:5      | Reached skill level 5 in Fighting
  4466 | D:5      | Reached skill level 6 in Polearms
  4473 | D:5      | Killed a yak
  4474 | D:5      | Reached XP level 8. HP: 35/56 MP: 8/8
  4474 | D:5      | Noticed a yak
  4481 | D:5      | Slain by a yak

Illustrated notes

Levels and vault maps discovered:
D:1:      dpeg_arrival_central, layout_loops_corners, minmay_misc_feat_cross,
          nrook_uturn, minmay_misc_feat_tower, chequers_garden
D:2:      layout_rooms, minmay_pentomino_v4
D:3:      layout_basic, gup_sewer_entry_glass, grunt_ministairs_4
D:4:      layout_basic, uniq_sigmund, uniq_crazy_yiuf_cottage
D:5:      layout_rooms, chequers_temple_overflow_minitemple,
          minmay_temple_entry_junction
Temple:   minmay_temple_forest_path

Skill      XL: |  1  2  3  4  5  6  7 |
---------------+----------------------+-----
Polearms       | 3 4 5 6 |  6.4
Dodging        | 4 5 |  5.4
Fighting       | 4 5 |  5.4
Shields        | |  3.5

Action                   |  1- 3 |  4- 6 |  7- 9 || total
-------------------------+-------+-------+-------++-------
Melee: Trident           |    56 |    84 |    46 ||   186
       Tentacles         |    10 |    16 |    10 ||    36
       Constrict         |    15 |    15 |     2 ||    32
Evoke: Wand              |       |       |     1 ||     1
  Use: Scroll            |       |       |     3 ||     3
       Potion            |       |       |     6 ||     6
 Stab: Sleeping          |     3 |     5 |       ||     8
Armor: Skin              |     6 |     3 |     2 ||    11
Dodge: Dodged            |    37 |    45 |    42 ||   124
Block: Buckler           |    13 |     9 |     7 ||    29
